 Dungeon Crawl Stone Soup version 0.30-a0-989-g0d87f670db (webtiles) character file.

Game seed: 8211027121455171883

130 Jeffwins the Chucker (level 5, 0/41 HPs)
             Began as a Human Wanderer on Apr 3, 2023.
             Slain by an orc wizard
             ... wielding a +0 dagger
              (2 damage)
             ... on level 3 of the Dungeon.
             The game lasted 00:03:07 (1819 turns).

Jeffwins the Chucker (Human Wanderer)               Turns: 1819, Time: 00:03:07

Health: 0/41       AC:  6    Str: 11    XL:     5   Next: 36%
Magic:  5/5        EV: 11    Int: 13    God:
Gold:   90         SH:  0    Dex: 15    Spells: 4/4 levels left

rFire   . . .      SeeInvis .    a - +3 dagger
rCold   + . .      Faith    .    (no shield)
rNeg    . . .      Spirit   .    e - +0 leather armour
rPois   .          Reflect  .    (no helmet)
rElec   .          Rampage  .    p - +1 cloak
rCorr   .                        (no gloves)
Will    .....                    k - +0 pair of boots
Stlth   ++                       (no amulet)
HPRegen 0.26/turn                C - ring of protection from cold
MPRegen 0.09/turn                (no ring)

@: brilliant, on berserk cooldown, slowed, very slow
A: no striking features
a: no special abilities


You were on level 3 of the Dungeon.
You visited 1 branch of the dungeon, and saw 3 of its levels.

You collected 90 gold pieces.


   Skills:
 - Level 3.0 Fighting
 * Level 2.4 Short Blades
 * Level 3.2 Axes
 + Level 3.5 Throwing
 - Level 1.0 Armour
 - Level 1.0 Dodging
 + Level 1.8 Stealth
 + Level 0.4 Shields


You had 4 spell levels left.
You didn't know any spells.
Your spell library was empty.

Inventory:

Hand Weapons
 a - a +3 dagger (weapon)
 c - a +0 hand axe
Missiles
 m - 4 poisoned darts (quivered)
Armour
 e - a +0 leather armour (worn)
 k - a +0 pair of boots (worn)
 o - a +0 tower shield
 p - a +1 cloak (worn)
Magical Staves
 j - a staff of death
Jewellery
 C - a ring of protection from cold (left hand)
Scrolls
 g - a scroll of vulnerability {unknown}
 h - 6 scrolls of identify {unknown}
 l - a scroll of teleportation {unknown}
 n - a scroll of fear {unknown}
Potions
 d - 2 potions of invisibility
 f - a potion of brilliance

Dungeon Overview and Level Annotations

Branches:
Dungeon (3/15)

Altars:

# ## # .# .#.#..#
######.#>....
#..{@#.......
#.##)#.o.....
#.##).....#
########'####'##.#
#<..............
######..........
#...........
#..†........#
#..........


There were no monsters in sight!


Message History

You hit something.
You hear some strange, mumbled words.
You are confused.
You bump into the rock wall.
Something hits you but does no damage.
Unknown command.
You bump into the rock wall.
You flicker for a moment.
You hear some strange, mumbled words.
A puff of flame appears from out of thin air!
The puff of flame misses you.
You hear some strange, mumbled words.
A puff of flame appears from out of thin air!
The puff of flame misses you.
You're too confused to move!
You hear some strange, mumbled words.
A magic dart appears from out of thin air!
The magic dart hits you.
* * * LOW HITPOINT WARNING * * *
You bump into the rock wall.
You feel less confused.
An orc wizard appears from thin air!
Reactivating autopickup.
The orc wizard mumbles some strange words.
The orc wizard flickers and vanishes!
Deactivating autopickup; reactivate with Ctrl-A.
Something hits you but does no damage.
You miss something.
You flicker back into view.
Something hits you.
You die...

Skill      XL: |  1  2  3  4 |
---------------+-------------+-----
Short Blades   | 1 2 |  2.4
Stealth        | 1 |  1.8
Axes           | 3 |  3.2
Fighting       | |  3.0
Throwing       | |  3.5
Armour         | |  1.0
Dodging        | |  1.0
Shields        | |  0.4

Action                     |  1- 3 |  4- 6 || total
---------------------------+-------+-------++-------
  Melee: Dagger            |   113 |    63 ||   176
         Punch             |     2 |     2 ||     4
  Throw: Dart              |     1 |     3 ||     4
    Use: Potion            |       |     3 ||     3
   Stab: Sleeping          |     1 |     1 ||     2
 Armour: Leather armour    |    25 |    45 ||    70
  Dodge: Dodged            |    72 |    37 ||   109

Levels and vault maps discovered:
D:1:      minmay_arrival_radiant_lines, layout_basic, minmay_misc_feat_room,
          serial_bayou_lagoon_a
D:2:      layout_basic, uniq_crazy_yiuf_cottage
D:3:      layout_basic, nemelex_diamond_rough_becter, uniq_grinder

Notes
Turn   | Place    | Note
-------+----------+-------------------------------------------
     0 | D:1      | Jeffwins the Human Wanderer began the quest for the Orb.
     0 | D:1      | Jeffwins set off with the following items: a +3 dagger, 3
                  | curare-tipped darts {=f}, a +0 hand axe, a potion of
                  | invisibility, a +0 leather armour.
     0 | D:1      | Reached XP level 1. HP: 18/18 MP: 1/1
   166 | D:1      | Reached XP level 2. HP: 24/24 MP: 2/2
   235 | D:1      | Reached skill level 1 in Short Blades
   341 | D:1      | Reached XP level 3. HP: 29/29 MP: 3/3
   355 | D:1      | Reached skill level 1 in Stealth
   915 | D:2      | Reached XP level 4. HP: 34/35 MP: 4/4
  1132 | D:2      | Found a runed translucent door.
  1135 | D:2      | Noticed Crazy Yiuf
  1141 | D:2      | Killed Crazy Yiuf
  1142 | D:2      | Reached skill level 2 in Short Blades
  1142 | D:2      | Reached skill level 3 in Axes
  1635 | D:2      | Reached XP level 5. HP: 38/41 MP: 5/5
  1817 | D:3      | HP: 2/41 [something/magic dart (5)]
  1819 | D:3      | Slain by an orc wizard

Vanquished Creatures
  Crazy Yiuf (D:2)
  An orc wizard (D:3)
  2 adders (D:2)
  A worm (D:2)
  3 dart slugs (D:1)
  An orc (D:3)
  4 ball pythons
  4 bats
  4 endoplasms
  2 giant cockroaches
  5 hobgoblins
  2 jackals (D:1)
  4 quokkas
  A frilled lizard (D:1)
  3 goblins
  5 kobolds
  2 rats
45 creatures vanquished.

Vanquished Creatures (others)
  2 plants (D:1)
2 creatures vanquished.

Grand Total: 47 creatures vanquished

Table legend: (Time is in decaauts)
 A = Elapsed time spent in this place.
 B = Non-inter-level travel time spent in this place.
 C = Inter-level travel time spent in this place.
 D = Time resting spent in this place.
 E = Time spent auto-exploring this place.
 F = Levels seen in this place.
 G = Mean time per level.
                   A        B        C        D        E       F      G
               +--------+--------+--------+--------+--------+-----+--------+
         Total |   1837 |   1792 |     45 |     56 |   1316 |   3 |  612.3 |
       Dungeon |   1837 |   1792 |     45 |     56 |   1316 |   3 |  612.3 |
               +--------+--------+--------+--------+--------+-----+--------+

Top non-repeatable levels by time:
     D:2: 996 daAuts
     D:1: 757 daAuts
     D:3: 84 daAuts

Table legend:
 A = Non-vault XP
 B = Vault XP
 C = Vault XP percentage of total XP
 D = Non-vault monster count
 E = Vault monster count
 F = Vault count percentage of total count
                 A         B        C        D         E       F
            +---------+---------+-------+---------+---------+-------
      Total |     147 |      39 |  21.0 |      44 |       1 |   2.2
            +---------+---------+-------+---------+---------+-------
        D:1 |      49 |       0 |   0.0 |      24 |       0 |   0.0
        D:2 |      55 |      39 |  41.5 |      16 |       1 |   5.9
        D:3 |      43 |       0 |   0.0 |       4 |       0 |   0.0
            +---------+---------+-------+---------+---------+-------
